 Dungeon Sprint DCSS version 0.29.1-12-g30fa7ad0bf (webtiles) character file.

Game seed: 7075371717481666721

29 Groucho the Digger (level 3, -8/16 HPs)
             Began as a Spriggan Earth Elementalist on Jan 5, 2023.
             Was a Believer of Sif Muna.
             Killed by divine providence
             ... invoked by an orc priest
              (10 damage)
             ... in the Dungeon (Sprint VII: "The Pits").
             The game lasted 00:02:48 (884 turns).

Groucho the Digger (Spriggan Earth Elementalist)     Turns: 884, Time: 00:02:49

Health: -8/16      AC:  2    Str:  4    XL:     3   Next: 1%
Magic:  4/9        EV: 18    Int: 18    God:    Sif Muna [**....]
Gold:   0          SH:  0    Dex: 15    Spells: 8/9 levels left

rFire   . . .      SeeInvis +   m - +1 quarterstaff (speed)
rCold   . . .      Faith    .   (shield currently unavailable)
rNeg    . . .      Spirit   .   a - +0 robe
rPois   .          Reflect  .   (helmet restricted)
rElec   .          Harm     .   (no cloak)
rCorr   .          Rampage  .   (gloves unavailable)
Will    .....      NoTele   +   (boots unavailable)
Stlth   ++........              (no amulet)
HPRegen 0.05/turn               (no ring)
MPRegen 0.11/turn               (no ring)

@: very quick
A: very small, no large weapons, unfitting armour, see invisible, speed 3
a: Renounce Religion, Channel Magic


You were in the Dungeon.
You worshipped Sif Muna.
Sif Muna was pleased with you.
You visited 1 branch

Inventory:

Hand Weapons
 m - a +1 quarterstaff of speed (weapon)
Missiles
 l - 11 stones
Armour
 a - a +0 robe (worn)
Scrolls
 g - a scroll of blinking
 j - 5 scrolls of amnesia
 k - a scroll of summoning
Potions
 b - 5 potions of magic
 c - 5 potions of curing
 d - 6 potions of heal wounds
 e - a potion of haste
 f - 3 potions of berserk rage
 i - 2 potions of invisibility


   Skills:
 + Level 3.9 Dodging
 - Level 3.0 Stealth
 + Level 3.7 Spellcasting
 * Level 2.1 Conjurations
 + Level 3.1 Transmutations
 * Level 4.0 Earth Magic


You had 8 spell levels left.
You knew the following spells:

 Your Spells              Type           Power      Damage    Failure   Level
a - Sandblast             Erth           34%        2d9       3%          1

Your spell library contained the following spells:

 Spells                   Type           Power      Damage    Failure   Level
 Passwall                 Tmut/Erth      13%        N/A       5%          2
 Stone Arrow              Conj/Erth      28%        3d8       13%         3
 Petrify                  Tmut/Erth      16%        N/A       34%         4


Dungeon Overview and Level Annotations

Branches:
Dungeon (1/1)

Altars:
Ashenzari
Cheibriados
Dithmenos
Elyvilon
Fedhas
Gozag
Hepliaklqana
Kikubaaqudgha
Makhleb
Nemelex Xobeh
Okawaru
Qazlal
Ru
Sif Muna
Trog
Uskayaw
Vehumet
Wu Jian
Xom
Yredelemnul
Zin
The Shining One
Jiyva
Lugonu


Innate Abilities, Weirdness & Mutations

You are very small and have problems with some larger weapons.
You are too small for most types of armour.
You have supernaturally acute eyesight. (SInv)
You cover ground extremely quickly. (Speed+++)


Message History

Aim: an orc, wielding a +3 trident and wearing a +0 leather armour (severely wounded, 82% to hit)
The blast of sand hits the orc!
You kill the orc!
Sif Muna accepts your kill.
The orc priest invokes the aid of Beogh against you.
Beogh smites you!
Ouch! That really hurt!
* * * LOW HITPOINT WARNING * * *
You have reached level 3!
Your experience leads to an increase in your attributes!
Increase (S)trength, (I)ntelligence, or (D)exterity?
You feel clever. x2
You feel better.
The water moccasin completely misses you.
There is an open door here.
Casting: Sandblast (safe; 3% risk of failure)
Confirm with . or Enter, or press ? or * to list all spells.
Aiming: Sandblast (safe; 3% risk of failure)
Press: ? - help, Shift-Dir - straight line, f - water moccasin
Aim: a water moccasin (70% to hit)
The blast of sand hits the water moccasin.
The water moccasin is lightly wounded.
The water moccasin misses you.
Unknown command.
Unknown command.
Casting: Sandblast (safe; 3% risk of failure)
Confirm with . or Enter, or press ? or * to list all spells.
Aiming: Sandblast (safe; 3% risk of failure)
Press: ? - help, Shift-Dir - straight line, f - orc priest, p - water moccasin
Aim: an orc priest, wielding a +0 mace (82% to hit)
The blast of sand hits the water moccasin!
The water moccasin is heavily wounded.
The water moccasin bites you!
Ouch! That really hurt!
* * * LOW HITPOINT WARNING * * *
The water moccasin barely misses you.
The orc priest calls down the wrath of Beogh upon you.
Beogh smites you!
Ouch! That really hurt!
You die...

############
#_________.#
#_________.#
#_______...###########
##########'##.........
#.?..')))'.##......#..
##########.##.........
#...S@......'.........
#o#####)#####......#..
#.#÷..#.#..##.........
#.#..÷#.#))#####'#####
#)#...'.#))##.......#
#o##'####))##.......#
#.#.....#[[##.......#
#g#.....#'###...<...#
#5#........##.......#


You could see a water moccasin and an orc priest.

Vanquished Creatures
  A gnoll (D)
  An adder (D)
  2 orcs (D)
  2 giant cockroaches (D)
  A ball python (D)
  2 frilled lizards (D)
  A kobold (D)
  A quokka skeleton (D)
11 creatures vanquished.

Notes
Turn   | Place    | Note
-------+----------+-------------------------------------------
     0 | D        | Groucho the Spriggan Earth Elementalist began the quest for
                  | the Orb.
     0 | D        | Reached XP level 1. HP: 9/9 MP: 5/5
    18 | D        | Reached skill level 1 in Conjurations
    18 | D        | Reached skill level 3 in Earth Magic
    18 | D        | Reached XP level 2. HP: 13/13 MP: 2/7
    57 | D        | Found a glowing golden altar of the Shining One.
    57 | D        | Found a glowing silver altar of Zin.
    57 | D        | Found a basalt altar of Yredelemnul.
    57 | D        | Found a shimmering altar of Xom.
    57 | D        | Found an ornate altar of the Wu Jian Council.
    57 | D        | Found a bloodstained altar of Trog.
    57 | D        | Found a shimmering blue altar of Sif Muna.
    57 | D        | Found a sacrificial altar of Ru.
    57 | D        | Found a stormy altar of Qazlal.
    57 | D        | Found an iron altar of Okawaru.
    57 | D        | Found a sparkling altar of Nemelex Xobeh.
    57 | D        | Found a burning altar of Makhleb.
    57 | D        | Found a viscous altar of Jiyva.
    57 | D        | Found a hazy altar of Hepliaklqana.
    57 | D        | Found an opulent altar of Gozag.
    57 | D        | Found a blossoming altar of Fedhas.
    57 | D        | Found a white marble altar of Elyvilon.
    57 | D        | Found a shadowy altar of Dithmenos.
    57 | D        | Found a snail-covered altar of Cheibriados.
    59 | D        | Found a corrupted altar of Lugonu.
    59 | D        | Found a radiant altar of Vehumet.
    60 | D        | Found an ancient bone altar of Kikubaaqudgha.
    60 | D        | Found a hide-covered altar of Uskayaw.
    60 | D        | Found a broken altar of Ashenzari.
    75 | D        | Became a worshipper of Sif Muna the Loreminder
   454 | D        | Reached * piety under Sif Muna
   802 | D        | Reached ** piety under Sif Muna
   865 | D        | Noticed a water moccasin
   867 | D        | Reached skill level 4 in Earth Magic
   877 | D        | Reached XP level 3. HP: 2/16 MP: 5/9
   884 | D        | Killed from afar by an orc priest

Illustrated notes

Levels and vault maps discovered:
D:        pitsprint [storerooms_1, entrance_room_1, metal_vault_4, armoury_1,
          mini_pit_1, grid_room_1, main_hall_1, silver_pit, the_coven_3,
          the_vestibule_1, steel_vault_3, golden_pit, hallway_of_sentries,
          crystal_vault_4, iron_vault_2, final_vault]

Skill      XL: |  1  2 |
---------------+-------+-----
Dodging        | 3 |  3.9
Spellcasting   | 3 |  3.7
Conjurations   | 1 2 |  2.1
Transmutations | 2 3 |  3.1
Earth Magic    | 3 4 |  4.0
Stealth        | |  3.0

Action                   || total
-------------------------++-------
Melee: Quarterstaff      ||     1
 Cast: Sandblast         ||    22
  Use: Potion            ||     1
Armor: Robe              ||     2
Dodge: Dodged            ||    11
